NEW YORK R vs MINNESOTA

Created - April 9, 2021 at 11:07

Goals
1 2 3 T
NEW YORK R 4 0 1 5
MINNESOTA 1 1 1 3
Shots
1 2 3 T
NEW YORK R 12 4 6 22
MINNESOTA 7 13 9 29

1st period

1. NEW YORK R , Leon Draisaitl 13 (Colton Parayko 30) at 2:08
2. NEW YORK R , Connor Brown 16 (Brett Pesce 22, Marc-Edouard Vlasic 23) at 2:59 (PP)
3. NEW YORK R , Leon Draisaitl 14 (Tom Wilson 17, Artemi Panarin 26) at 3:34
4. NEW YORK R , Brett Pesce 8 (Bo Horvat 19, Connor Brown 15) at 8:02 (PP)
5. MINNESOTA , Niklas Hjalmarsson 5 (William Carrier 6, Johan Larsson 6) at 15:31

Penalties :
Erik Karlsson (MIN) for Hooking (Minor) at 2:30, Kyle Connor (MIN) for Hooking (Minor) at 7:21, Andrew Cogliano (NYR) for Hooking (Minor) at 12:56

2nd period

6. MINNESOTA , Kyle Connor 14 (Nikita Kucherov 28, Oliver Ekman-Larsson 13) at 12:32

Penalties :
Marcus Kruger (NYR) for Slashing (Minor) at 4:55, Zach Hyman (MIN) for Fighting (Major) at 9:07, Bo Horvat (NYR) for Fighting (Major) at 9:07, Bo Horvat (NYR) for instigated a fight (Game Misconduct) at 9:07, Frederik Andersen (NYR) for Slashing (Minor) at 15:58 - Brett Pesce served the penalty., Oliver Ekman-Larsson (MIN) for Interference (Minor) at 19:40

3rd period

7. NEW YORK R , Seth Jones 9 (Leon Draisaitl 21, Colton Parayko 31) at 14:09 (PP)
8. MINNESOTA , John Tavares 12 (Kyle Connor 21, Nikita Kucherov 29) at 16:09

Penalties :
William Carrier (MIN) for Hooking (Minor) at 13:29

Goalie Stats

Frederik Andersen (NYR), 26 saves from 29 shots - (0.897), W, 26-15-8, 60:00 minutes
Andrei Vasilevskiy (MIN), 17 saves from 22 shots - (0.773), L, 22-15-2, 60:00 minutes

Players Stats for NEW YORK R

Player Name              G  A  P  +/- PIM S  H  SB GA TA FO     MP     PP MP  PK MP  
------------------------------------------------------------------------------------
Andrew Cogliano          0  0  0   0  2   5  0  0  0  0  0/0    17:36   1:54   0:36 
Artemi Panarin           0  1  1   1  0   3  0  0  0  0  0/1    19:46   1:55   4:00 
Bo Horvat                0  1  1   0  17  2  0  0  0  0  7/9     9:43   1:10   1:14 
Brendan Lemieux          0  0  0   0  0   0  0  0  0  0  0/0     6:19   0:00   0:32 
Brett Pesce              1  1  2   0  0   3  1  2  0  0  0/0    19:53   2:13   3:08 
Cam Fowler               0  0  0  -1  0   0  1  0  0  0  0/0    14:18   0:00   0:00 
Colton Parayko           0  2  2   1  0   0  0  0  0  0  0/0    18:37   1:36   3:56 
Connor Brown             1  1  2   0  0   1  1  0  0  0  0/0    17:01   1:54   0:00 
Gabriel Vilardi          0  0  0   0  0   0  0  0  0  0  2/5     8:31   0:44   0:00 
Jake DeBrusk             0  0  0  -2  0   0  0  0  0  0  0/0    13:30   0:00   0:00 
Jonathan Marchessault    0  0  0  -2  0   2  1  0  0  0  7/15   15:48   0:00   2:18 
Karl Alzner              0  0  0  -1  0   0  1  0  0  0  0/0     6:20   0:00   0:00 
Leon Draisaitl           2  1  3   1  0   3  0  0  0  0  19/34  24:40   1:55   3:54 
Marc-Edouard Vlasic      0  1  1   0  0   0  0  0  0  0  0/0    20:45   2:13   4:00 
Marcus Kruger            0  0  0  -2  2   0  1  0  0  0  0/0    13:29   0:00   0:00 
Mike Matheson            0  0  0  -1  0   0  1  1  0  0  0/0    15:13   0:00   0:55 
Nico Hischier            0  0  0   0  0   1  0  0  0  0  3/4     5:47   0:00   0:00 
Sam Steel                0  0  0   0  0   0  0  0  0  0  0/0     1:20   0:00   0:33 
Seth Jones               1  0  1   0  0   1  1  2  0  0  0/0    24:54   1:36   3:53 
Tom Wilson               0  1  1   1  0   1  0  0  0  0  1/1    18:31   1:55   2:45 

Players Stats for MINNESOTA

Player Name              G  A  P  +/- PIM S  H  SB GA TA FO     MP     PP MP  PK MP  
------------------------------------------------------------------------------------
Brett Kulak              0  0  0  -2  0   0  2  2  0  0  0/0    15:49   0:37   2:17 
Colin White              0  0  0  -1  0   0  0  0  0  0  5/10   11:23   0:00   0:00 
Dominik Kahun            0  0  0  -1  0   1  0  0  0  0  0/0    12:07   0:44   0:00 
Erik Karlsson            0  0  0   1  2   1  0  1  0  0  0/0    22:35   4:03   1:03 
Johan Larsson            0  1  1   1  0   0  0  0  0  0  5/12   10:25   0:00   2:36 
John Tavares             1  0  1   1  0   2  0  0  0  0  11/27  18:11   3:40   0:00 
Kyle Connor              1  1  2   1  2   2  0  0  0  0  0/0    18:40   4:10   0:00 
Mark Giordano            0  0  0   1  0   2  4  5  0  0  0/0    24:15   4:03   1:32 
Mats Zuccarello          0  0  0   0  0   1  1  0  0  0  1/1    19:21   3:36   1:13 
Matt Calvert             0  0  0   1  0   1  0  0  0  0  0/1    10:25   0:00   2:36 
Nikita Kucherov          0  2  2   1  0   5  4  0  0  0  1/1    18:42   3:16   0:00 
Niklas Hjalmarsson       1  0  1   2  0   2  1  3  0  0  0/0    19:26   0:00   2:46 
Oliver Ekman-Larsson     0  1  1   2  2   1  1  1  0  0  0/0    16:39   0:00   0:00 
Tanner Pearson           0  0  0  -1  0   2  1  0  0  0  0/0    15:02   3:39   0:00 
Tomas Hertl              0  0  0   0  0   4  3  1  0  0  6/16   19:24   3:39   1:13 
Torey Krug               0  0  0  -2  0   0  1  2  0  0  0/0    17:58   3:53   0:00 
William Carrier          0  1  1   1  2   4  3  0  0  0  0/0     9:15   1:27   0:00 
Zach Hyman               0  0  0   0  5   1  0  0  0  0  1/1    16:29   2:53   0:00 

3 Stars

1 - Leon Draisaitl (NYR)
2 - Brett Pesce (NYR)
3 - Connor Brown (NYR)

Power Play

NEW YORK R - 3 on 4 Attempt(s) - 75.00%
MINNESOTA - 0 on 4 Attempt(s) - 0.00%

Penalty Kill

NEW YORK R - 4 on 4 Attempt(s) - 100.00% - Score 0 goal in Penalty Kill
MINNESOTA - 1 on 4 Attempt(s) - 25.00% - Score 0 goal in Penalty Kill

Team Stat

NEW YORK R - Hits : 8 - Faceoff Wins : 39 - Blocked Shots : 5 - Penalty Minutes : 23
MINNESOTA - Hits : 21 - Faceoff Wins : 30 - Blocked Shots : 15 - Penalty Minutes : 13

Official

Referees : Chris Schlenker and Scott Madl
Linesman : Chris Boddy and Brian Mach

Game Notes

Bo Horvat beats up Zach Hyman at 9:07 of 2nd period
Bo Horvat ejected from game at 9:07 of 2nd period

Finance

Level 1 -- Attendance: 4203 (70.05%) -- Ticket Income $420,300
Level 2 -- Attendance: 3918 (78.36%) -- Ticket Income $235,080
Level 3 -- Attendance: 1897 (94.85%) -- Ticket Income $66,395
Level 4 -- Attendance: 4000 (100.00%) -- Ticket Income $80,000
Luxury Box -- Attendance: 674 (67.40%) -- Ticket Income $134,800
Game was played at the Xcel Energy Center.
Total Attendance: 14692 (81.62%)
Total Ticket Income: $936,575
Total Income: $936,575

NEW YORK R

5 vs 5 Forward 
   Center                   Left Wing                Right Wing               Time % Phy DF OF 
 1 Leon Draisaitl           Artemi Panarin           Tom Wilson               35     1   2  2  
 2 Bo Horvat                Andrew Cogliano          Connor Brown             30     1   2  2  
 3 Jonathan Marchessault    Jake DeBrusk             Marcus Kruger            25     1   2  2  
 4 Nico Hischier            Brendan Lemieux          Leon Draisaitl           10     1   2  2  

5 vs 5 Defense 
   Defense                  Defense                                           Time % Phy DF OF 
 1 Seth Jones               Colton Parayko                                    35     1   2  2  
 2 Marc-Edouard Vlasic      Brett Pesce                                       30     1   2  2  
 3 Cam Fowler               Mike Matheson                                     25     1   2  2  
 4 Karl Alzner              Seth Jones                                        10     1   2  2  

PowerPlay Forward 
   Center                   Left Wing                Right Wing               Time % Phy DF OF 
 1 Leon Draisaitl           Artemi Panarin           Tom Wilson               60     1   2  2  
 2 Bo Horvat                Andrew Cogliano          Connor Brown             40     1   2  2  

PowerPlay Defense
   Defense                  Defense                                           Time % Phy DF OF 
 1 Seth Jones               Colton Parayko                                    60     1   2  2  
 2 Marc-Edouard Vlasic      Brett Pesce                                       40     1   2  2  

Penalty Kill 4 Players Forward 
   Center                   Wing                     Time % Phy DF OF 
 1 Leon Draisaitl           Artemi Panarin           60     1   2  2  
 2 Bo Horvat                Tom Wilson               40     1   2  2  

Penalty Kill 4 Players Defense
   Defense                  Defense                  Time % Phy DF OF 
 1 Seth Jones               Colton Parayko           60     1   2  2  
 2 Marc-Edouard Vlasic      Brett Pesce              40     1   2  2  

Penalty Kill - 3 Players Forward 
   Forward                                           Time % Phy DF OF 
 1 Leon Draisaitl                                    60     1   2  2  
 2 Artemi Panarin                                    40     1   2  2  

Penalty Kill - 3 Players Defense
   Defense                  Defense                  Time % Phy DF OF 
 1 Seth Jones               Colton Parayko           60     1   2  2  
 2 Marc-Edouard Vlasic      Brett Pesce              40     1   2  2  

4 vs 4 Forward 
   Center                   Wing                     Time % Phy DF OF 
 1 Leon Draisaitl           Artemi Panarin           60     1   2  2  
 2 Bo Horvat                Tom Wilson               40     1   2  2  

4 vs 4 Defense
   Defense                  Defense                  Time % Phy DF OF 
 1 Seth Jones               Colton Parayko           60     1   2  2  
 2 Marc-Edouard Vlasic      Brett Pesce              40     1   2  2  

Last Minutes Offensive
   Center                   Left Wing                Right Wing               Defense                  Defense                  
   Leon Draisaitl           Artemi Panarin           Tom Wilson               Seth Jones               Colton Parayko           

Last Minutes Defensive
   Center                   Left Wing                Right Wing               Defense                  Defense                  
   Leon Draisaitl           Artemi Panarin           Tom Wilson               Seth Jones               Colton Parayko           

Goaltenders
Starting : Frederik Andersen        
Backup : Craig Anderson           

Extra Forwards
Normal : Gabriel Vilardi, Sam Steel, Jonathan Marchessault - PP : Gabriel Vilardi, Sam Steel - PK : Jonathan Marchessault
Extra Defensemen
Normal : Cam Fowler, Mike Matheson, Karl Alzner - PP : Cam Fowler - PK : Mike Matheson, Karl Alzner
Penalty Shots
Leon Draisaitl, Artemi Panarin, Bo Horvat, Tom Wilson, Jonathan Marchessault

Scratches
Frederik Gauthier (Healthy)

MINNESOTA

5 vs 5 Forward 
   Center                   Left Wing                Right Wing               Time % Phy DF OF 
 1 John Tavares             Kyle Connor              Nikita Kucherov          37     0   2  3  
 2 Tomas Hertl              Mats Zuccarello          Zach Hyman               33     1   2  2  
 3 Colin White              Tanner Pearson           Dominik Kahun            20     1   2  2  
 4 Johan Larsson            William Carrier          Matt Calvert             10     2   2  1  

5 vs 5 Defense 
   Defense                  Defense                                           Time % Phy DF OF 
 1 Mark Giordano            Erik Karlsson                                     38     1   2  2  
 2 Oliver Ekman-Larsson     Niklas Hjalmarsson                                27     1   2  2  
 3 Brett Kulak              Torey Krug                                        25     1   2  2  
 4 Torey Krug               Mark Giordano                                     10     0   2  3  

PowerPlay Forward 
   Center                   Left Wing                Right Wing               Time % Phy DF OF 
 1 John Tavares             Mats Zuccarello          Kyle Connor              60     0   0  5  
 2 Tomas Hertl              Zach Hyman               Tanner Pearson           40     1   0  4  

PowerPlay Defense
   Defense                  Defense                                           Time % Phy DF OF 
 1 Torey Krug               Nikita Kucherov                                   60     0   1  4  
 2 Erik Karlsson            Mark Giordano                                     40     1   1  3  

Penalty Kill 4 Players Forward 
   Center                   Wing                     Time % Phy DF OF 
 1 Johan Larsson            Matt Calvert             60     1   4  0  
 2 Tomas Hertl              Mats Zuccarello          40     1   3  1  

Penalty Kill 4 Players Defense
   Defense                  Defense                  Time % Phy DF OF 
 1 Mark Giordano            Erik Karlsson            60     1   3  1  
 2 Niklas Hjalmarsson       Brett Kulak              40     1   4  0  

Penalty Kill - 3 Players Forward 
   Forward                                           Time % Phy DF OF 
 1 Johan Larsson                                     60     1   4  0  
 2 Matt Calvert                                      40     1   4  0  

Penalty Kill - 3 Players Defense
   Defense                  Defense                  Time % Phy DF OF 
 1 Mark Giordano            Niklas Hjalmarsson       60     1   4  0  
 2 Oliver Ekman-Larsson     Mats Zuccarello          40     1   4  0  

4 vs 4 Forward 
   Center                   Wing                     Time % Phy DF OF 
 1 John Tavares             Nikita Kucherov          60     1   2  2  
 2 Tomas Hertl              Kyle Connor              40     1   1  3  

4 vs 4 Defense
   Defense                  Defense                  Time % Phy DF OF 
 1 Mark Giordano            Torey Krug               60     1   2  2  
 2 Oliver Ekman-Larsson     Erik Karlsson            40     1   2  2  

Last Minutes Offensive
   Center                   Left Wing                Right Wing               Defense                  Defense                  
   Tomas Hertl              Kyle Connor              Nikita Kucherov          Torey Krug               Erik Karlsson            

Last Minutes Defensive
   Center                   Left Wing                Right Wing               Defense                  Defense                  
   Tomas Hertl              Tanner Pearson           Matt Calvert             Mark Giordano            Niklas Hjalmarsson       

Goaltenders
Starting : Andrei Vasilevskiy       
Backup : Gilles Senn              

Extra Forwards
Normal : Tomas Hertl, Zach Hyman, Nikita Kucherov - PP : Zach Hyman, Nikita Kucherov - PK : Tomas Hertl
Extra Defensemen
Normal : Oliver Ekman-Larsson, Erik Karlsson, Mark Giordano - PP : Torey Krug - PK : Niklas Hjalmarsson, Mark Giordano
Penalty Shots
Nikita Kucherov, Mats Zuccarello, Kyle Connor, Tomas Hertl, Tanner Pearson

Scratches
MIN Cap Hit (Healthy)

% Time on Ice - NEW YORK R

Lines # - Real PCT - Wanted PCT - Time Play
Normal Forward
1 - 29% - 35% - 13:51
2 - 31% - 30% - 15:07
3 - 28% - 25% - 13:30
4 - 12% - 10% - 5:47
Normal Defense
1 - 27% - 35% - 13:05
2 - 30% - 30% - 14:32
3 - 30% - 25% - 14:18
4 - 13% - 10% - 6:20
PP Forward
1 - 50% - 60% - 1:55
2 - 50% - 40% - 1:54
PP Defense
1 - 42% - 60% - 1:36
2 - 58% - 40% - 2:13
PK Forward
1 - 65% - 60% - 5:11
2 - 35% - 40% - 2:45
PK Defense
1 - 50% - 60% - 3:56
2 - 50% - 40% - 4:00
PK3 Forward
1 - 0% - 60%
2 - 0% - 40%
PK3 Defense
1 - 0% - 60%
2 - 0% - 40%
44 Forward
1 - 0% - 60%
2 - 0% - 40%
44 Defense
1 - 0% - 60%
2 - 0% - 40%
Last Minute Offensive  - 0:00
Last Minute Defensive  - 0:00
Total
Forward - 60:00
Defense - 60:00

% Time on Ice - MINNESOTA

Lines # - Real PCT - Wanted PCT - Time Play
Normal Forward
1 - 30% - 37% - 14:31
2 - 30% - 33% - 14:32
3 - 24% - 20% - 11:23
4 - 16% - 10% - 7:49
Normal Defense
1 - 36% - 38% - 17:30
2 - 35% - 27% - 16:40
3 - 27% - 25% - 12:55
4 - 2% - 10% - 1:10
PP Forward
1 - 54% - 60% - 4:17
2 - 46% - 40% - 3:39
PP Defense
1 - 49% - 60% - 3:53
2 - 51% - 40% - 4:03
PK Forward
1 - 68% - 60% - 2:36
2 - 32% - 40% - 1:13
PK Defense
1 - 40% - 60% - 1:32
2 - 60% - 40% - 2:17
PK3 Forward
1 - 0% - 60%
2 - 0% - 40%
PK3 Defense
1 - 0% - 60%
2 - 0% - 40%
44 Forward
1 - 0% - 60%
2 - 0% - 40%
44 Defense
1 - 0% - 60%
2 - 0% - 40%
Last Minute Offensive  - 0:00
Last Minute Defensive  - 0:00
Total
Forward - 60:00
Defense - 60:00

Play-by-Play

1st period


0:01 of 1st period - Leon Draisaitl wins face-off versus John Tavares in neutral zone.
0:18 of 1st period - Shot by Kyle Connor.
0:18 of 1st period - Deflect By John Tavares.
0:18 of 1st period - Stopped by Frederik Andersen without a rebound.
0:19 of 1st period - Bo Horvat wins face-off versus Tomas Hertl in NEW YORK R zone.
1:00 of 1st period - Shot by Bo Horvat.
1:00 of 1st period - Shot Misses the Net.
1:19 of 1st period - Icing by Cam Fowler.
1:20 of 1st period - Jonathan Marchessault wins face-off versus Colin White in NEW YORK R zone.
2:08 of 1st period - Shot by Leon Draisaitl.
2:08 of 1st period - Goal by Leon Draisaitl - NEW YORK R : 1 - MINNESOTA : 0.
2:09 of 1st period - Nico Hischier wins face-off versus John Tavares in neutral zone.
2:22 of 1st period - Shot by Leon Draisaitl.
2:22 of 1st period - Shot Hit the Post.
2:30 of 1st period - Minor Penalty to Erik Karlsson for Hooking.
2:31 of 1st period - Bo Horvat wins face-off versus Johan Larsson in MINNESOTA zone.
2:32 of 1st period - Shot by Marc-Edouard Vlasic.
2:32 of 1st period - Shot Blocked by Mark Giordano.
2:53 of 1st period - Shot by Marc-Edouard Vlasic.
2:53 of 1st period - Shot Blocked by Mark Giordano.
2:55 of 1st period - Shot by Brett Pesce.
2:55 of 1st period - Shot Hit the Post.
2:57 of 1st period - Shot by Brett Pesce.
2:57 of 1st period - Stopped by Andrei Vasilevskiy with a rebound.
2:59 of 1st period - Shot by Connor Brown.
2:59 of 1st period - Goal by Connor Brown - NEW YORK R : 2 - MINNESOTA : 0.
3:00 of 1st period - John Tavares wins face-off versus Leon Draisaitl in neutral zone.
3:28 of 1st period - Shot by Artemi Panarin.
3:28 of 1st period - Shot Misses the Net.
3:30 of 1st period - Shot by Leon Draisaitl.
3:30 of 1st period - Shot Misses the Net.
3:32 of 1st period - Shot by Tom Wilson.
3:32 of 1st period - Stopped by Andrei Vasilevskiy with a rebound.
3:34 of 1st period - Shot by Leon Draisaitl.
3:34 of 1st period - Goal by Leon Draisaitl - NEW YORK R : 3 - MINNESOTA : 0.
3:35 of 1st period - Bo Horvat wins face-off versus Johan Larsson in neutral zone.
4:01 of 1st period - Shot by Bo Horvat.
4:01 of 1st period - Stopped by Andrei Vasilevskiy without a rebound.
4:02 of 1st period - Tomas Hertl wins face-off versus Jonathan Marchessault in MINNESOTA zone.
4:20 of 1st period - Off-side.
4:21 of 1st period - John Tavares wins face-off versus Leon Draisaitl in neutral zone.
4:36 of 1st period - Shot by Leon Draisaitl.
4:36 of 1st period - Shot Misses the Net.
5:28 of 1st period - Shot by Connor Brown.
5:28 of 1st period - Shot Misses the Net.
6:17 of 1st period - Icing by Torey Krug.
6:18 of 1st period - Leon Draisaitl wins face-off versus Colin White in MINNESOTA zone.
6:51 of 1st period - Shot by Dominik Kahun.
6:51 of 1st period - Shot Blocked by Seth Jones.
6:53 of 1st period - Shot by Torey Krug.
6:53 of 1st period - Shot Hit the Post.
7:20 of 1st period - Icing by Cam Fowler.
7:21 of 1st period - Jonathan Marchessault wins face-off versus John Tavares in NEW YORK R zone.
7:21 of 1st period - Minor Penalty to Kyle Connor for Hooking.
7:22 of 1st period - Johan Larsson wins face-off versus Bo Horvat in MINNESOTA zone.
7:56 of 1st period - Shot by Connor Brown.
7:56 of 1st period - Shot Blocked by Niklas Hjalmarsson.
7:58 of 1st period - Shot by Brett Pesce.
7:58 of 1st period - Shot Blocked by Tomas Hertl.
8:00 of 1st period - Shot by Connor Brown.
8:00 of 1st period - Deflect By Bo Horvat.
8:00 of 1st period - Shot Misses the Net.
8:02 of 1st period - Shot by Brett Pesce.
8:02 of 1st period - Goal by Brett Pesce - NEW YORK R : 4 - MINNESOTA : 0.
8:03 of 1st period - John Tavares wins face-off versus Leon Draisaitl in neutral zone.
8:05 of 1st period - Off-side.
8:06 of 1st period - Leon Draisaitl wins face-off versus John Tavares in neutral zone.
8:27 of 1st period - Shot by Nikita Kucherov.
8:27 of 1st period - Shot Misses the Net.
8:35 of 1st period - Shot by John Tavares.
8:35 of 1st period - Shot Misses the Net.
8:47 of 1st period - Shot by Kyle Connor.
8:47 of 1st period - Shot Misses the Net.
9:59 of 1st period - Shot by Marcus Kruger.
9:59 of 1st period - Deflect By Jake DeBrusk.
9:59 of 1st period - Shot Blocked by Erik Karlsson.
10:02 of 1st period - Icing by Erik Karlsson.
10:03 of 1st period - Jonathan Marchessault wins face-off versus Colin White in MINNESOTA zone.
10:16 of 1st period - Shot by Mark Giordano.
10:16 of 1st period - Stopped by Frederik Andersen with a rebound.
10:30 of 1st period - Shot by Jake DeBrusk.
10:30 of 1st period - Shot Misses the Net.
11:33 of 1st period - Shot by Nico Hischier.
11:33 of 1st period - Stopped by Andrei Vasilevskiy without a rebound.
11:34 of 1st period - Bo Horvat wins face-off versus Tomas Hertl in MINNESOTA zone.
12:02 of 1st period - Shot by Bo Horvat.
12:02 of 1st period - Deflect By Andrew Cogliano.
12:02 of 1st period - Stopped by Andrei Vasilevskiy without a rebound.
12:03 of 1st period - Leon Draisaitl wins face-off versus Johan Larsson in MINNESOTA zone.
12:03 of 1st period - Artemi Panarin is hit by Mark Giordano and loses puck.
12:10 of 1st period - Tom Wilson is hit by William Carrier and loses puck.
12:56 of 1st period - Minor Penalty to Andrew Cogliano for Hooking.
12:57 of 1st period - Leon Draisaitl wins face-off versus Tomas Hertl in NEW YORK R zone.
13:54 of 1st period - Shot by Bo Horvat.
13:54 of 1st period - Shot Misses the Net.
14:15 of 1st period - Icing by Erik Karlsson.
14:16 of 1st period - Leon Draisaitl wins face-off versus John Tavares in MINNESOTA zone.
15:27 of 1st period - Shot by Johan Larsson.
15:27 of 1st period - Shot Misses the Net.
15:29 of 1st period - Shot by William Carrier.
15:29 of 1st period - Shot Hit the Post.
15:31 of 1st period - Shot by Niklas Hjalmarsson.
15:31 of 1st period - Goal by Niklas Hjalmarsson - NEW YORK R : 4 - MINNESOTA : 1.
15:32 of 1st period - Colin White wins face-off versus Bo Horvat in neutral zone.
15:39 of 1st period - Shot by Dominik Kahun.
15:39 of 1st period - Stopped by Frederik Andersen without a rebound.
15:40 of 1st period - Bo Horvat wins face-off versus John Tavares in NEW YORK R zone.
15:48 of 1st period - Shot by Nikita Kucherov.
15:48 of 1st period - Deflect By Kyle Connor.
15:48 of 1st period - Stopped by Frederik Andersen without a rebound.
15:49 of 1st period - Mats Zuccarello wins face-off versus Artemi Panarin in NEW YORK R zone.
15:57 of 1st period - Icing by Brett Pesce.
15:58 of 1st period - John Tavares wins face-off versus Leon Draisaitl in NEW YORK R zone.
16:18 of 1st period - Shot by Artemi Panarin.
16:18 of 1st period - Stopped by Andrei Vasilevskiy without a rebound.
16:19 of 1st period - Bo Horvat wins face-off versus Tomas Hertl in MINNESOTA zone.
16:19 of 1st period - Colton Parayko is hit by Brett Kulak and loses puck.
16:36 of 1st period - Shot by Bo Horvat.
16:36 of 1st period - Shot Blocked by Torey Krug.
16:51 of 1st period - Shot by Andrew Cogliano.
16:51 of 1st period - Stopped by Andrei Vasilevskiy without a rebound.
16:52 of 1st period - Leon Draisaitl wins face-off versus John Tavares in MINNESOTA zone.
16:57 of 1st period - Shot by Leon Draisaitl.
16:57 of 1st period - Stopped by Andrei Vasilevskiy without a rebound.
16:58 of 1st period - John Tavares wins face-off versus Leon Draisaitl in MINNESOTA zone.
17:31 of 1st period - Kyle Connor is hit by Brett Pesce and loses puck.
17:40 of 1st period - Shot by John Tavares.
17:40 of 1st period - Shot Misses the Net.
17:58 of 1st period - Shot by Mats Zuccarello.
17:58 of 1st period - Stopped by Frederik Andersen without a rebound.
17:59 of 1st period - Bo Horvat wins face-off versus Colin White in NEW YORK R zone.
18:26 of 1st period - Colton Parayko is hit by Torey Krug and loses puck.
19:01 of 1st period - Icing by Niklas Hjalmarsson.
19:02 of 1st period - Jonathan Marchessault wins face-off versus Tomas Hertl in MINNESOTA zone.
19:06 of 1st period - Icing by Niklas Hjalmarsson.
19:07 of 1st period - Tomas Hertl wins face-off versus Jonathan Marchessault in MINNESOTA zone.
19:09 of 1st period - Icing by Zach Hyman.
19:10 of 1st period - Leon Draisaitl wins face-off versus Tomas Hertl in MINNESOTA zone.
19:14 of 1st period - Icing by Niklas Hjalmarsson.
19:15 of 1st period - Tomas Hertl wins face-off versus Leon Draisaitl in MINNESOTA zone.
19:26 of 1st period - Shot by Tomas Hertl.
19:26 of 1st period - Stopped by Frederik Andersen with a rebound.
19:31 of 1st period - Mats Zuccarello is hit by Mike Matheson and loses puck.
19:48 of 1st period - Shot by Zach Hyman.
19:48 of 1st period - Shot Blocked by Mike Matheson.
19:50 of 1st period - Shot by Mats Zuccarello.
19:50 of 1st period - Shot Misses the Net.
Goals for this period are 4 for NEW YORK R vs 1 for MINNESOTA.
Shots for this period are 12 for NEW YORK R vs 7 for MINNESOTA.

2nd period


0:01 of 2nd period - John Tavares wins face-off versus Jonathan Marchessault in neutral zone.
0:26 of 2nd period - Jonathan Marchessault is hit by Mark Giordano and loses puck.
0:36 of 2nd period - Jonathan Marchessault is hit by Mark Giordano and loses puck.
1:13 of 2nd period - Shot by Bo Horvat.
1:13 of 2nd period - Stopped by Andrei Vasilevskiy with a rebound.
1:15 of 2nd period - Shot by Brett Pesce.
1:15 of 2nd period - Stopped by Andrei Vasilevskiy with a rebound.
1:23 of 2nd period - Shot by Bo Horvat.
1:23 of 2nd period - Shot Misses the Net.
1:37 of 2nd period - Shot by Artemi Panarin.
1:37 of 2nd period - Stopped by Andrei Vasilevskiy with a rebound.
1:41 of 2nd period - Shot by Leon Draisaitl.
1:41 of 2nd period - Shot Misses the Net.
2:27 of 2nd period - Shot by Oliver Ekman-Larsson.
2:27 of 2nd period - Shot Misses the Net.
2:29 of 2nd period - Shot by Niklas Hjalmarsson.
2:29 of 2nd period - Shot Misses the Net.
2:31 of 2nd period - Shot by Niklas Hjalmarsson.
2:31 of 2nd period - Stopped by Frederik Andersen without a rebound.
2:32 of 2nd period - Nico Hischier wins face-off versus Johan Larsson in NEW YORK R zone.
3:10 of 2nd period - Seth Jones is hit by William Carrier and loses puck.
3:37 of 2nd period - Shot by Nikita Kucherov.
3:37 of 2nd period - Shot Blocked by Brett Pesce.
4:06 of 2nd period - Icing by Oliver Ekman-Larsson.
4:07 of 2nd period - John Tavares wins face-off versus Jonathan Marchessault in MINNESOTA zone.
4:07 of 2nd period - Nikita Kucherov is hit by Marcus Kruger.
4:54 of 2nd period - Mark Giordano is hit by Jonathan Marchessault.
4:55 of 2nd period - Minor Penalty to Marcus Kruger for Slashing.
4:56 of 2nd period - Tomas Hertl wins face-off versus Leon Draisaitl in NEW YORK R zone.
5:03 of 2nd period - Shot by Erik Karlsson.
5:03 of 2nd period - Stopped by Frederik Andersen with a rebound.
6:47 of 2nd period - Shot by Tomas Hertl.
6:47 of 2nd period - Stopped by Frederik Andersen without a rebound.
6:48 of 2nd period - Leon Draisaitl wins face-off versus John Tavares in NEW YORK R zone.
7:15 of 2nd period - Shot by William Carrier.
7:15 of 2nd period - Stopped by Frederik Andersen with a rebound.
7:25 of 2nd period - Shot by Bo Horvat.
7:25 of 2nd period - Shot Blocked by Oliver Ekman-Larsson.
7:57 of 2nd period - Shot by Nikita Kucherov.
7:57 of 2nd period - Stopped by Frederik Andersen without a rebound.
7:58 of 2nd period - Colin White wins face-off versus Leon Draisaitl in NEW YORK R zone.
7:58 of 2nd period - Colin White is hit by Seth Jones.
8:25 of 2nd period - Icing by Seth Jones.
8:26 of 2nd period - Leon Draisaitl wins face-off versus Tomas Hertl in NEW YORK R zone.
8:26 of 2nd period - Leon Draisaitl is hit by Tomas Hertl.
9:07 of 2nd period - Bo Horvat beats up Zach Hyman.
9:07 of 2nd period - Penalty to Zach Hyman for Fighting.
9:07 of 2nd period - Penalty to Bo Horvat for Fighting.
9:07 of 2nd period - Penalty to Bo Horvat for instigated a fight.
9:07 of 2nd period - Bo Horvat is ejected from game.
9:08 of 2nd period - Leon Draisaitl wins face-off versus John Tavares in MINNESOTA zone.
9:16 of 2nd period - Off-side.
9:17 of 2nd period - Leon Draisaitl wins face-off versus John Tavares in neutral zone.
9:32 of 2nd period - Shot by Erik Karlsson.
9:32 of 2nd period - Shot Blocked by Brett Pesce.
9:34 of 2nd period - Shot by Mark Giordano.
9:34 of 2nd period - Stopped by Frederik Andersen without a rebound.
9:35 of 2nd period - Leon Draisaitl wins face-off versus Tomas Hertl in NEW YORK R zone.
11:22 of 2nd period - Shot by Connor Brown.
11:22 of 2nd period - Shot Blocked by Niklas Hjalmarsson.
11:24 of 2nd period - Shot by Andrew Cogliano.
11:24 of 2nd period - Stopped by Andrei Vasilevskiy without a rebound.
11:25 of 2nd period - Colin White wins face-off versus Jonathan Marchessault in MINNESOTA zone.
12:17 of 2nd period - Marcus Kruger is hit by Nikita Kucherov and loses puck.
12:30 of 2nd period - Shot by Nikita Kucherov.
12:30 of 2nd period - Stopped by Frederik Andersen with a rebound.
12:32 of 2nd period - Shot by Kyle Connor.
12:32 of 2nd period - Goal by Kyle Connor - NEW YORK R : 4 - MINNESOTA : 2.
12:33 of 2nd period - Johan Larsson wins face-off versus Leon Draisaitl in neutral zone.
12:40 of 2nd period - Shot by Matt Calvert.
12:40 of 2nd period - Stopped by Frederik Andersen without a rebound.
12:41 of 2nd period - Tom Wilson wins face-off versus Tomas Hertl in NEW YORK R zone.
12:41 of 2nd period - Leon Draisaitl is hit by Mats Zuccarello and loses puck.
12:55 of 2nd period - Artemi Panarin is hit by Mark Giordano and loses puck.
13:12 of 2nd period - Leon Draisaitl is hit by Nikita Kucherov and loses puck.
13:47 of 2nd period - Shot by Colin White.
13:47 of 2nd period - Shot Misses the Net.
13:49 of 2nd period - Shot by Dominik Kahun.
13:49 of 2nd period - Shot Misses the Net.
13:51 of 2nd period - Shot by Tanner Pearson.
13:51 of 2nd period - Stopped by Frederik Andersen without a rebound.
13:52 of 2nd period - Johan Larsson wins face-off versus Leon Draisaitl in NEW YORK R zone.
13:59 of 2nd period - Shot by William Carrier.
13:59 of 2nd period - Stopped by Frederik Andersen with a rebound.
15:46 of 2nd period - Shot by Tomas Hertl.
15:46 of 2nd period - Shot Misses the Net.
15:48 of 2nd period - Shot by Mats Zuccarello.
15:48 of 2nd period - Shot Misses the Net.
15:50 of 2nd period - Shot by Zach Hyman.
15:50 of 2nd period - Shot Misses the Net.
15:52 of 2nd period - Shot by Tomas Hertl.
15:52 of 2nd period - Shot Misses the Net.
15:54 of 2nd period - Shot by Mark Giordano.
15:54 of 2nd period - Shot Misses the Net.
15:56 of 2nd period - Shot by Mark Giordano.
15:56 of 2nd period - Shot Misses the Net.
15:58 of 2nd period - Shot by Zach Hyman.
15:58 of 2nd period - Stopped by Frederik Andersen without a rebound.
15:58 of 2nd period - Minor Penalty to Frederik Andersen for Slashing.
15:59 of 2nd period - John Tavares wins face-off versus Leon Draisaitl in NEW YORK R zone.
16:59 of 2nd period - Marc-Edouard Vlasic is hit by Tomas Hertl and loses puck.
17:14 of 2nd period - Shot by Erik Karlsson.
17:14 of 2nd period - Deflect By Tanner Pearson.
17:14 of 2nd period - Shot Misses the Net.
17:16 of 2nd period - Shot by Tomas Hertl.
17:16 of 2nd period - Deflect By Tanner Pearson.
17:16 of 2nd period - Stopped by Frederik Andersen without a rebound.
17:17 of 2nd period - Leon Draisaitl wins face-off versus John Tavares in NEW YORK R zone.
17:17 of 2nd period - Leon Draisaitl is hit by William Carrier.
18:09 of 2nd period - Tanner Pearson is hit by Connor Brown and loses puck.
19:39 of 2nd period - Shot by Jake DeBrusk.
19:39 of 2nd period - Shot Misses the Net.
19:40 of 2nd period - Minor Penalty to Oliver Ekman-Larsson for Interference.
19:41 of 2nd period - Johan Larsson wins face-off versus Leon Draisaitl in MINNESOTA zone.
19:53 of 2nd period - Off-side.
19:54 of 2nd period - Leon Draisaitl wins face-off versus Johan Larsson in neutral zone.
Goals for this period are 0 for NEW YORK R vs 1 for MINNESOTA.
Shots for this period are 4 for NEW YORK R vs 13 for MINNESOTA.

3rd period


0:01 of 3rd period - Leon Draisaitl wins face-off versus Matt Calvert in neutral zone.
0:04 of 3rd period - Shot by Artemi Panarin.
0:04 of 3rd period - Shot Blocked by Mark Giordano.
0:33 of 3rd period - Shot by Leon Draisaitl.
0:33 of 3rd period - Deflect By Tom Wilson.
0:33 of 3rd period - Shot Blocked by Mark Giordano.
1:00 of 3rd period - Andrew Cogliano is hit by Niklas Hjalmarsson and loses puck.
1:16 of 3rd period - Gabriel Vilardi is hit by Brett Kulak and loses puck.
1:27 of 3rd period - Shot by Marc-Edouard Vlasic.
1:27 of 3rd period - Shot Misses the Net.
1:46 of 3rd period - Off-side.
1:47 of 3rd period - Jonathan Marchessault wins face-off versus John Tavares in neutral zone.
2:04 of 3rd period - Shot by Jake DeBrusk.
2:04 of 3rd period - Shot Misses the Net.
2:55 of 3rd period - Shot by Colin White.
2:55 of 3rd period - Shot Misses the Net.
3:39 of 3rd period - Connor Brown is hit by Tanner Pearson and loses puck.
4:04 of 3rd period - Shot by Connor Brown.
4:04 of 3rd period - Shot Misses the Net.
4:14 of 3rd period - Shot by Mats Zuccarello.
4:14 of 3rd period - Shot Misses the Net.
4:16 of 3rd period - Shot by Tomas Hertl.
4:16 of 3rd period - Stopped by Frederik Andersen without a rebound.
4:17 of 3rd period - Nikita Kucherov wins face-off versus Nico Hischier in NEW YORK R zone.
4:17 of 3rd period - John Tavares is hit by Karl Alzner.
5:01 of 3rd period - Shot by Nikita Kucherov.
5:01 of 3rd period - Stopped by Frederik Andersen with a rebound.
5:47 of 3rd period - Shot by Jake DeBrusk.
5:47 of 3rd period - Shot Misses the Net.
5:49 of 3rd period - Shot by Jake DeBrusk.
5:49 of 3rd period - Shot Blocked by Torey Krug.
5:51 of 3rd period - Shot by Jonathan Marchessault.
5:51 of 3rd period - Shot Misses the Net.
6:49 of 3rd period - Colton Parayko is hit by Tomas Hertl and loses puck.
7:08 of 3rd period - Shot by Leon Draisaitl.
7:08 of 3rd period - Shot Misses the Net.
7:10 of 3rd period - Shot by Colton Parayko.
7:10 of 3rd period - Shot Blocked by Mark Giordano.
8:21 of 3rd period - Connor Brown is hit by Oliver Ekman-Larsson and loses puck.
9:00 of 3rd period - Shot by Artemi Panarin.
9:00 of 3rd period - Shot Blocked by Brett Kulak.
9:02 of 3rd period - Shot by Artemi Panarin.
9:02 of 3rd period - Stopped by Andrei Vasilevskiy with a rebound.
9:09 of 3rd period - Icing by Brett Kulak.
9:10 of 3rd period - Nico Hischier wins face-off versus Colin White in MINNESOTA zone.
9:23 of 3rd period - Shot by Mike Matheson.
9:23 of 3rd period - Shot Blocked by Brett Kulak.
9:52 of 3rd period - Shot by William Carrier.
9:52 of 3rd period - Stopped by Frederik Andersen with a rebound.
9:54 of 3rd period - Shot by Oliver Ekman-Larsson.
9:54 of 3rd period - Shot Misses the Net.
9:56 of 3rd period - Shot by William Carrier.
9:56 of 3rd period - Stopped by Frederik Andersen without a rebound.
9:57 of 3rd period - Jonathan Marchessault wins face-off versus John Tavares in NEW YORK R zone.
9:57 of 3rd period - Jonathan Marchessault is hit by Nikita Kucherov.
10:04 of 3rd period - Icing by Seth Jones.
10:05 of 3rd period - Jonathan Marchessault wins face-off versus John Tavares in NEW YORK R zone.
10:09 of 3rd period - Off-side.
10:10 of 3rd period - John Tavares wins face-off versus Leon Draisaitl in neutral zone.
10:27 of 3rd period - Shot by Nikita Kucherov.
10:27 of 3rd period - Shot Blocked by Seth Jones.
10:49 of 3rd period - Shot by Nikita Kucherov.
10:49 of 3rd period - Stopped by Frederik Andersen without a rebound.
10:50 of 3rd period - Zach Hyman wins face-off versus Gabriel Vilardi in NEW YORK R zone.
12:54 of 3rd period - Icing by Oliver Ekman-Larsson.
12:55 of 3rd period - Gabriel Vilardi wins face-off versus John Tavares in MINNESOTA zone.
12:56 of 3rd period - Shot by Andrew Cogliano.
12:56 of 3rd period - Stopped by Andrei Vasilevskiy without a rebound.
12:57 of 3rd period - Gabriel Vilardi wins face-off versus Johan Larsson in MINNESOTA zone.
13:29 of 3rd period - Minor Penalty to William Carrier for Hooking.
13:30 of 3rd period - Leon Draisaitl wins face-off versus Johan Larsson in MINNESOTA zone.
13:47 of 3rd period - Shot by Seth Jones.
13:47 of 3rd period - Shot Misses the Net.
13:49 of 3rd period - Shot by Colton Parayko.
13:49 of 3rd period - Shot Misses the Net.
14:07 of 3rd period - Shot by Leon Draisaitl.
14:07 of 3rd period - Shot Misses the Net.
14:09 of 3rd period - Shot by Seth Jones.
14:09 of 3rd period - Goal by Seth Jones - NEW YORK R : 5 - MINNESOTA : 2.
14:10 of 3rd period - John Tavares wins face-off versus Jonathan Marchessault in neutral zone.
14:40 of 3rd period - Shot by Jonathan Marchessault.
14:40 of 3rd period - Stopped by Andrei Vasilevskiy without a rebound.
14:41 of 3rd period - Tomas Hertl wins face-off versus Gabriel Vilardi in MINNESOTA zone.
14:59 of 3rd period - Tomas Hertl is hit by Cam Fowler and loses puck.
15:33 of 3rd period - Mike Matheson is hit by Nikita Kucherov and loses puck.
16:05 of 3rd period - Shot by Kyle Connor.
16:05 of 3rd period - Shot Misses the Net.
16:09 of 3rd period - Shot by John Tavares.
16:09 of 3rd period - Goal by John Tavares - NEW YORK R : 5 - MINNESOTA : 3.
16:10 of 3rd period - Colin White wins face-off versus Jonathan Marchessault in neutral zone.
16:35 of 3rd period - Shot by Jonathan Marchessault.
16:35 of 3rd period - Stopped by Andrei Vasilevskiy without a rebound.
16:36 of 3rd period - Leon Draisaitl wins face-off versus Tomas Hertl in MINNESOTA zone.
17:08 of 3rd period - Shot by Leon Draisaitl.
17:08 of 3rd period - Deflect By Tom Wilson.
17:08 of 3rd period - Shot Blocked by Niklas Hjalmarsson.
17:21 of 3rd period - Icing by Seth Jones.
17:22 of 3rd period - Leon Draisaitl wins face-off versus John Tavares in NEW YORK R zone.
17:39 of 3rd period - Shot by Kyle Connor.
17:39 of 3rd period - Shot Misses the Net.
17:42 of 3rd period - Icing by Brett Pesce.
17:43 of 3rd period - Colin White wins face-off versus Jonathan Marchessault in NEW YORK R zone.
18:40 of 3rd period - Shot by Andrew Cogliano.
18:40 of 3rd period - Stopped by Andrei Vasilevskiy without a rebound.
18:41 of 3rd period - John Tavares wins face-off versus Leon Draisaitl in MINNESOTA zone.
19:10 of 3rd period - Shot by Nikita Kucherov.
19:10 of 3rd period - Stopped by Frederik Andersen without a rebound.
19:11 of 3rd period - Tomas Hertl wins face-off versus Gabriel Vilardi in NEW YORK R zone.
19:20 of 3rd period - Shot by Tomas Hertl.
19:20 of 3rd period - Shot Misses the Net.
19:22 of 3rd period - Shot by Tomas Hertl.
19:22 of 3rd period - Stopped by Frederik Andersen without a rebound.
19:23 of 3rd period - Johan Larsson wins face-off versus Leon Draisaitl in NEW YORK R zone.
19:26 of 3rd period - Shot by Oliver Ekman-Larsson.
19:26 of 3rd period - Stopped by Frederik Andersen with a rebound.
19:38 of 3rd period - Shot by William Carrier.
19:38 of 3rd period - Shot Misses the Net.
Goals for this period are 1 for NEW YORK R vs 1 for MINNESOTA.
Shots for this period are 6 for NEW YORK R vs 9 for MINNESOTA.